 Dungeon Crawl Stone Soup version 0.19.1-1-g22dce08 (webtiles) character file.

65 Alarkh the Magician (level 3, -1/27 HPs)
             Began as a Mummy Skald on Jan 2, 2017.
             Slain by a gnoll
             ... wielding a +0 spear
              (8 damage)
             ... on level 2 of the Dungeon.
             The game lasted 00:01:28 (1234 turns).

Alarkh the Magician (Mummy Skald)                   Turns: 1234, Time: 00:01:29

Health: -1/27      AC:  3    Str: 15    XL:     3   Next: 94%
Magic:  5/7        EV:  6    Int: 12    God:
Gold:   84         SH:  0    Dex: 11    Spells: 3 memorised, 1 level left

rFire  x . .     SeeInvis .     a - +0 hand axe
rCold  + . .     Gourm    .     b - +0 leather armour
rNeg   + + +     Faith    .     (no shield)
rPois  ∞         Spirit   .     (no helmet)
rElec  .         Reflect  .     (no cloak)
rCorr  .         Harm     .     (no gloves)
MR     .....                    (no boots)
Stlth  +.........               (no amulet)
                                (no ring)
                                (no ring)

@: held
A: no food or potions, fire vulnerability, cold resistance 1, negative energy
resistance 3, torment resistance, unbreathing
a: no special abilities


You were on level 2 of the Dungeon.
You were not hungry.

You visited 1 branch of the dungeon, and saw 2 of its levels.

You collected 84 gold pieces.

Inventory:

Hand Weapons
 a - a +0 hand axe (weapon)
Armour
 b - a +0 leather armour (worn)
Scrolls
 e - a scroll of identify
 f - a scroll of fear
 g - a scroll of noise {unknown}
 h - a scroll of random uselessness {unknown}
Books
 c - a book of Battle

   Spells                             Type                      Level
   a - Infusion                       Charms                       1
   b - Shroud of Golubria             Charms/Translocation         2
   c - Song of Slaying                Charms                       2
   d - Spectral Weapon                Hexes/Charms                 3
   e - Regeneration                   Charms/Necromancy            3


   Skills:
 - Level 2.0 Fighting
 + Level 2.4 Axes
 - Level 0.7 Armour
 - Level 0.7 Dodging
 + Level 2.9 Spellcasting
 + Level 2.8 Charms


You had one spell level left.
You knew the following spells:

 Your Spells              Type           Power        Failure   Level  Hunger
a - Infusion              Chrm           #...         12%         1    N/A
b - Shroud of Golubria    Chrm/Tloc      #.........   28%         2    N/A
c - Spectral Weapon       Hex/Chrm       #.......     56%         3    N/A

Dungeon Overview and Level Annotations

Branches:
Dungeon (2/15)

Altars:
Nemelex Xobeh


Innate Abilities, Weirdness & Mutations

You do not eat or drink.
Your flesh is vulnerable to fire.
You are immune to poison.
Your flesh is cold resistant. (rC+)
You are immune to negative energy. (rN+++)
You are immune to unholy pain and torment.
You can survive without breathing.


Message History

The gnoll barely misses you.
You shred the net and break free!
The gnoll hits you from afar with a spear!
* * * LOW HITPOINT WARNING * * *
The gnoll hits you but does no damage.
The frilled lizard bites you but does no damage.
You see here a scroll labeled FAEDED KITOCH.
Your magical infusion is running out.
The gnoll throws a throwing net.
The throwing net closely misses you.
You are no longer magically infusing your attacks.
The frilled lizard hisses.
The gnoll throws a throwing net.
The throwing net hits you.
You become entangled in the net!
You see here a throwing net.
You struggle against the net.
The frilled lizard bites you but does no damage.
The gnoll barely misses you.
You struggle against the net.
The frilled lizard barely misses you.
The gnoll hits you from afar with a spear!
You die...

##### #...##########
#............#
###############..####.####.#
.........<.......##.....##.#
################.#.......#.# ###
#.#.......#.# ..####
######@...._.....#
#....######.....l#.......#.##
.......##.....g.g#.......#..#
..>..............##.....##..####
......#..........####.####.....#
............g..............#...##
........................)........
)........(#...............#......
#..........÷..........###........


You could see 3 gnolls and a frilled lizard.

Vanquished Creatures
  3 adders
  3 dart slugs
  3 leopard geckos
  2 giant cockroaches (D:2)
  A goblin (D:1)
  3 hobgoblins (D:2)
  2 jackals (D:2)
  2 bats
  5 frilled lizards
  5 kobolds
  2 rats (D:1)
31 creatures vanquished.

Notes
Turn   | Place    | Note
-------+----------+-------------------------------------------
     0 | D:1      | Alarkh the Mummy Skald began the quest for the Orb.
     0 | D:1      | Reached XP level 1. HP: 16/16 MP: 3/3
   207 | D:1      | Reached XP level 2. HP: 18/22 MP: 0/5
   769 | D:2      | Reached XP level 3. HP: 27/27 MP: 3/6
   773 | D:2      | Learned a level 2 spell: Shroud of Golubria
   777 | D:2      | Learned a level 3 spell: Spectral Weapon
   787 | D:2      | Found a sparkling altar of Nemelex Xobeh.
  1234 | D:2      | Slain by a gnoll

Skill      XL: |  1  2 |
---------------+-------+-----
Axes           | 2 |  2.4
Fighting       | |  2.0
Armour         | |  0.7
Dodging        | |  0.7
Spellcasting   | |  2.9
Charms         | |  2.8

Action                   || total
-------------------------++-------
Melee: Hand axe          ||    97
 Cast: Infusion          ||    20
  Use: Scroll            ||     3
Armor: Leather armour    ||    26
Dodge: Dodged            ||    83
